 Dungeon Crawl Stone Soup version 0.29.0-4-gdea44cf6ec (webtiles) character file.

Game seed: 4147283228444339905

16677 qw the Brawler (level 12, -3/118 HPs)
             Began as a Troll Cinder Acolyte on Aug 31, 2022.
             Was an Initiate of Okawaru.
             Slain by a seven-headed hydra (12 damage)
             ... on level 4 of the Lair of Beasts.
             The game lasted 00:05:25 (9801 turns).

qw the Brawler (Troll Cinder Acolyte)               Turns: 9801, Time: 00:05:25

Health: -3/118     AC: 19    Str: 29    XL:     12   Next: 12%
Magic:  12/12      EV:  7    Int: 10    God:    Okawaru [......]
Gold:   550        SH:  0    Dex:  5    Spells: 13/13 levels left

rFire   . . .      SeeInvis .     - Unarmed
rCold   + . .      Faith    .   (no shield)
rNeg    . . .      Spirit   .   j - +0 storm dragon scales
rPois   .          Reflect  .   t - +2 hat
rElec   +          Harm     .   d - +2 cloak
rCorr   .          Rampage  .   (gloves unavailable)
Will    .....                   (boots unavailable)
Stlth   ..........              (no amulet)
HPRegen 1.09/turn               p - +4 ring of slaying {mikee}
MPRegen 0.13/turn               g - ring of Doubts {rElec rC+ Slay+3}

@: lethally poisoned (-3 -> -4), about to teleport, slowed, fire susceptible,
very slow
A: large, unfitting armour, claws 3, regeneration 1, shaggy fur 1, tough skin 1
a: Renounce Religion


You were on level 4 of the Lair of Beasts.
You worshipped Okawaru.
Okawaru was noncommittal.
You visited 3 branches of the dungeon, and saw 13 of its levels.
You also visited: Gauntlet.

You collected 628 gold pieces.
You spent 78 gold pieces at shops.


Innate Abilities, Weirdness & Mutations

You are too large for most types of armour.
You have claws for hands.
Your natural rate of healing is unusually fast.
You are covered in fur. (AC +1)
You have tough skin. (AC +1)


   Skills:
 - Level 7.2 Fighting
 - Level 4.3 Throwing
 - Level 5.1 Armour
 - Level 3.1 Dodging
 + Level 16.0 Unarmed Combat
 - Level 1.0 Spellcasting
 - Level 2.1 Fire Magic


You had 13 spell levels left.
You didn't know any spells.
Your spell library contained the following spells:

 Spells                   Type           Power      Damage    Failure   Level
 Scorch                   Fire           8%         2d5       71%         2

Inventory:

Missiles
 m - 8 boomerangs (quivered)
Armour
 d - a +2 cloak (worn)
 j - +0 storm dragon scales (worn)
 t - a +2 hat (worn)
Jewellery
 g - the ring of Doubts (right claw) {rElec rC+ Slay+3}
   (You found it in a Gauntlet)

   [ring of protection from cold]

   Slay:      It affects your accuracy & damage with ranged weapons and melee
   (+3).
   rC:        It protects you from cold.
   rElec:     It insulates you from electricity.
 p - a +4 ring of slaying (left claw) {mikee}
Scrolls
 a - a scroll of enchant weapon
 q - a scroll of identify
Potions
 b - a potion of resistance
 c - a potion of heal wounds
 e - 6 potions of curing
 f - 2 potions of haste
 k - 2 potions of might
 l - a potion of mutation
 n - a potion of cancellation

Dungeon Overview and Level Annotations

Branches:
Dungeon (8/15)             Temple (1/1) D:5            Lair (4/5) D:8
  Snake (0/4) Lair:2      Gauntlet (visited)
  Swamp: Lair:2-3    Shoals: Lair:2-3     Slime: Lair:4-5

Altars:
Dithmenos
Kikubaaqudgha
Makhleb
Nemelex Xobeh
Okawaru
Ru
Sif Muna
Uskayaw
Vehumet
Wu Jian
Xom
Yredelemnul
The Shining One
Jiyva

Shops:
D:8 [*[([

Annotations:
Lair:2 3 runed translucent doors, qw's ghost, journeyman TeWr


Message History

You feel very sick. The death yak gores you!!
The six-headed hydra bites you. x2
The six-headed hydra bites you but does no damage. x4
9798 ||| Stepping ~*~*~tactically~*~*~ (outnumbered).
The torpor snail attacks as you move away!
The torpor snail bites you but does no damage.
You feel very sick.
9799 ||| Stepping ~*~*~tactically~*~*~ (outnumbered).
You feel very sick.
The six-headed hydra bites you but does no damage.
The six-headed hydra barely misses you.
The six-headed hydra bites you but does no damage. x2
The six-headed hydra bites you! The six-headed hydra barely misses you.
The six-headed hydra bites you.
The six-headed hydra bites you but does no damage. x2
The six-headed hydra barely misses you. The six-headed hydra bites you.
The six-headed hydra bites you but does no damage.
You tear one of the six-headed hydra's heads off!
The five-headed hydra grows two more!
You claw the seven-headed hydra! x2
The seven-headed hydra is moderately wounded.
You feel sick. The six-headed hydra bites you!
The six-headed hydra barely misses you.
The six-headed hydra bites you but does no damage. x3
The six-headed hydra bites you!
The seven-headed hydra barely misses you. x2
The seven-headed hydra bites you.
The seven-headed hydra bites you but does no damage.
The seven-headed hydra closely misses you.
The seven-headed hydra bites you but does no damage. x2
9801 ||| READING scroll of teleportation.
As you read the scroll of teleportation, it crumbles to dust.
You feel strangely unstable.
You feel sick. The six-headed hydra barely misses you.
The six-headed hydra bites you.
The six-headed hydra bites you but does no damage. x2
The six-headed hydra bites you!
The six-headed hydra bites you but does no damage.
The seven-headed hydra bites you but does no damage. x2
The seven-headed hydra bites you!
You die...

.. ....# . #.
....##. ..####.##
......#
....#.[.##....#.#
(................
........S.........
........D.........
......%YD@.......
........w........
.......>......#..
#.#.##.##...P## #
# #. #...## ..
##..# ... #...#
.... ##..# .#.
...#


You could see a death yak, a seven-headed hydra, a six-headed hydra, a torpor
snail and a water moccasin.

Vanquished Creatures
  A minotaur (Gauntlet)
  A hydra (Lair:1)
  A catoblepas (Lair:1)
  A tengu warrior (Gauntlet)
  A death yak (Lair:4)
  A manticore (D:8)
  4 cane toads
  A rime drake (Lair:2)
  2 komodo dragons
  2 tengu conjurers (Gauntlet)
  A queen bee (Gauntlet)
  A polar bear (Lair:2)
  A blink frog (Lair:2)
  12 flying skulls (Gauntlet)
  18 yaks
  3 wyverns
  Eustachio (D:4)
  A basilisk (Lair:2)
  2 steam dragons
  4 nagas (Lair:2)
  Edmund (D:5)
  9 water moccasins
  An orc warrior (D:7)
  3 ice beasts
  3 sky beasts
  4 ogres
  2 centaurs
  3 wolves (Lair:2)
  5 bullfrogs
  A gnoll sergeant (D:8)
  5 scorpions
  7 killer bees
  2 howler monkeys (D:7)
  A jelly (D:8)
  2 hounds (D:5)
  8 orc priests
  Jessica (D:2)
  6 iguanas
  Ijyb (D:5)
  4 orc wizards
  Robin (D:2)
  5 adders
  3 gnolls (D:8)
  2 shadow imps (D:8)
  4 white imps
  2 ufetubi
  2 worms
  5 dart slugs
  24 orcs
  7 endoplasms
  2 giant cockroaches
  18 goblins
  13 hobgoblins
  7 kobolds
  2 quokkas
  7 ball pythons
  7 bats
  4 frilled lizards
  4 rats
247 creatures vanquished.

Vanquished Creatures (others)
  18 fungi
  18 plants
36 creatures vanquished.

Grand Total: 283 creatures vanquished

Notes
Turn   | Place    | Note
-------+----------+-------------------------------------------
     0 | D:1      | qw the Troll Cinder Acolyte began the quest for the Orb.
     0 | D:1      | Reached XP level 1. HP: 22/22 MP: 1/1
     0 | D:1      | 0 ||| qw: Version: 0.1-a-97-g2dd2ca4
     0 | D:1      | 0 ||| qw: Game counter: 4513
     0 | D:1      | 0 ||| qw: Always use a shield: true
     0 | D:1      | 0 ||| qw: God list: Okawaru
     0 | D:1      | 0 ||| qw: Allow faded altars: false
     0 | D:1      | 0 ||| qw: Do Orc after D:15 true
     0 | D:1      | 0 ||| qw: Do second Lair branch before Depths: true
     0 | D:1      | 0 ||| qw: Lair rune preference: random
     0 | D:1      | 0 ||| qw: Plans: Normal
     0 | D:1      | 0 ||| PLANNING D:1-11
    56 | D:1      | 56 ||| Stepping ~*~*~tactically~*~*~ (stealth).
    57 | D:1      | 57 ||| Stepping ~*~*~tactically~*~*~ (stealth).
    79 | D:1      | 79 ||| Stepping ~*~*~tactically~*~*~ (stealth).
    99 | D:1      | 99 ||| Stepping ~*~*~tactically~*~*~ (stealth).
   104 | D:1      | Reached XP level 2. HP: 29/29 MP: 2/2
   266 | D:1      | 266 ||| Stepping ~*~*~tactically~*~*~ (stealth).
   276 | D:1      | Reached skill level 4 in Unarmed Combat
   556 | D:1      | 556 ||| READING scroll labelled GOICKOIZ SUJIO.
   557 | D:1      | 557 ||| READING scroll labelled NEAFOR LEURIB.
   558 | D:1      | 558 ||| READING scroll labelled WAPTUXK QEUSCH.
   559 | D:1      | 559 ||| READING scroll labelled XULEIB TUMN.
   560 | D:1      | 560 ||| READING scroll labelled NUAXEF EWANO.
   561 | D:1      | 561 ||| READING scroll labelled DALIBL OFFAUTH.
   562 | D:1      | 562 ||| READING scroll labelled ZUEBORU KASE.
   563 | D:1      | 563 ||| DRINKING 2 bubbling brown potions.
   679 | D:2      | Reached XP level 3. HP: 36/36 MP: 3/3
   680 | D:2      | Identified the +5 scale mail "Zigir" {rC+ Dex+4}
   878 | D:2      | 878 ||| Stepping ~*~*~tactically~*~*~ (stealth).
   940 | D:2      | 940 ||| Stepping ~*~*~tactically~*~*~ (hiding).
   976 | D:2      | Noticed Jessica
   977 | D:2      | 977 ||| Stepping ~*~*~tactically~*~*~ (hiding).
   990 | D:2      | Killed Jessica
   991 | D:2      | Reached XP level 4. HP: 44/44 MP: 4/4
  1011 | D:2      | 1011 ||| Stepping ~*~*~tactically~*~*~ (hiding).
  1146 | D:2      | Reached skill level 5 in Unarmed Combat
  1155 | D:2      | 1155 ||| Stepping ~*~*~tactically~*~*~ (stealth).
  1160 | D:2      | Noticed Robin
  1161 | D:2      | 1161 ||| Stepping ~*~*~tactically~*~*~ (hiding).
  1267 | D:2      | 1267 ||| Stepping ~*~*~tactically~*~*~ (stealth).
  1279 | D:2      | 1279 ||| Stepping ~*~*~tactically~*~*~ (hiding).
  1290 | D:2      | 1290 ||| INVOKING Fiery Armour.
  1294 | D:2      | Killed Robin
  1295 | D:2      | 1295 ||| FLEEEEING.
  1296 | D:2      | 1296 ||| FLEEEEING.
  1297 | D:2      | 1297 ||| FLEEEEING.
  1301 | D:2      | 1301 ||| FLEEEEING.
  1304 | D:2      | 1304 ||| FLEEEEING.
  1305 | D:2      | 1305 ||| FLEEEEING.
  1306 | D:2      | 1306 ||| FLEEEEING.
  1307 | D:2      | 1307 ||| FLEEEEING.
  1308 | D:2      | 1308 ||| FLEEEEING.
  1309 | D:2      | 1309 ||| FLEEEEING.
  1310 | D:2      | 1310 ||| FLEEEEING.
  1311 | D:2      | 1311 ||| FLEEEEING.
  1312 | D:2      | 1312 ||| FLEEEEING.
  1313 | D:2      | 1313 ||| FLEEEEING.
  1314 | D:2      | 1314 ||| FLEEEEING.
  1732 | D:2      | 1732 ||| UPGRADING to +6 ring of dexterity.
  1733 | D:2      | 1733 ||| READING scroll labelled KOESI AWEAMOK ATI.
  1734 | D:2      | 1734 ||| READING scroll labelled WUGHUGEU HIDIMANO.
  1735 | D:2      | 1735 ||| DRINKING 2 puce potions.
  1736 | D:2      | 1736 ||| DROPPING potion of brilliance.
  1954 | D:3      | 1954 ||| Stepping ~*~*~tactically~*~*~ (outnumbered).
  1976 | D:3      | 1976 ||| Stepping ~*~*~tactically~*~*~ (outnumbered).
  1978 | D:3      | 1978 ||| Stepping ~*~*~tactically~*~*~ (outnumbered).
  2011 | D:3      | 2011 ||| Stepping ~*~*~tactically~*~*~ (stealth).
  2104 | D:3      | 2104 ||| Stepping ~*~*~tactically~*~*~ (stealth).
  2105 | D:3      | 2105 ||| Stepping ~*~*~tactically~*~*~ (stealth).
  2108 | D:3      | 2108 ||| Stepping ~*~*~tactically~*~*~ (stealth).
  2109 | D:3      | 2109 ||| Stepping ~*~*~tactically~*~*~ (stealth).
  2145 | D:3      | Found a shadowy altar of Dithmenos.
  2154 | D:3      | Reached skill level 1 in Dodging
  2154 | D:3      | Reached XP level 5. HP: 50/50 MP: 5/5
  2158 | D:3      | 2158 ||| Stepping ~*~*~tactically~*~*~ (stealth).
  2408 | D:3      | Found an ornate altar of the Wu Jian Council.
  2452 | D:3      | 2452 ||| Stepping ~*~*~tactically~*~*~ (hiding).
  2624 | D:3      | 2624 ||| READING scroll labelled LEASEI CUUGI.
  2625 | D:3      | 2625 ||| READING scroll labelled CIJIS FETSAW.
  2668 | D:4      | Noticed Eustachio
  2676 | D:4      | 2676 ||| Stepping ~*~*~tactically~*~*~ (stealth).
  2678 | D:4      | 2678 ||| Stepping ~*~*~tactically~*~*~ (stealth).
  2679 | D:4      | 2679 ||| Stepping ~*~*~tactically~*~*~ (stealth).
  2680 | D:4      | 2680 ||| Stepping ~*~*~tactically~*~*~ (stealth).
  2681 | D:4      | 2681 ||| Stepping ~*~*~tactically~*~*~ (stealth).
  2683 | D:4      | 2683 ||| Stepping ~*~*~tactically~*~*~ (outnumbered).
  2695 | D:4      | 2695 ||| Stepping ~*~*~tactically~*~*~ (outnumbered).
  2698 | D:4      | 2698 ||| INVOKING Fiery Armour.
  2709 | D:4      | Killed Eustachio
  2710 | D:4      | Reached skill level 6 in Unarmed Combat
  2710 | D:4      | Reached XP level 6. HP: 36/59 MP: 6/6
  2742 | D:4      | 2742 ||| Stepping ~*~*~tactically~*~*~ (stealth).
  2744 | D:4      | 2744 ||| Stepping ~*~*~tactically~*~*~ (stealth).
  2832 | D:4      | Reached skill level 7 in Unarmed Combat
  2838 | D:4      | 2838 ||| Stepping ~*~*~tactically~*~*~ (stealth).
  2840 | D:4      | 2840 ||| Stepping ~*~*~tactically~*~*~ (hiding).
  2850 | D:4      | 2850 ||| Stepping ~*~*~tactically~*~*~ (stealth).
  2851 | D:4      | 2851 ||| Stepping ~*~*~tactically~*~*~ (stealth).
  2855 | D:4      | 2855 ||| Stepping ~*~*~tactically~*~*~ (outnumbered).
  2856 | D:4      | 2856 ||| INVOKING Fiery Armour.
  2857 | D:4      | 2857 ||| Stepping ~*~*~tactically~*~*~ (outnumbered).
  2858 | D:4      | 2858 ||| Stepping ~*~*~tactically~*~*~ (outnumbered).
  2865 | D:4      | 2865 ||| Stepping ~*~*~tactically~*~*~ (stealth).
  2949 | D:4      | Reached skill level 8 in Unarmed Combat
  2949 | D:4      | Reached XP level 7. HP: 66/66 MP: 7/7
  2966 | D:4      | Identified the +5 sling "Impslayer" {venom, *Corrode rF+
                  | rC+ Str+2}
  3348 | D:4      | 3348 ||| UPGRADING to +2 cloak.
  3353 | D:4      | 3353 ||| DRINKING 2 cyan potions.
  3354 | D:4      | 3354 ||| DROPPING potion of flight.
  3364 | D:5      | Entered Level 5 of the Dungeon
  3617 | D:5      | Reached skill level 3 in Fighting
  3831 | D:5      | Reached skill level 3 in Throwing
  3851 | D:5      | Found a staircase to the Ecumenical Temple.
  3904 | D:5      | Noticed Ijyb
  3912 | D:5      | Killed Ijyb
  3950 | D:5      | Noticed a steam dragon
  3951 | D:5      | Noticed a steam dragon
  3952 | D:5      | 3952 ||| INVOKING Fiery Armour.
  3959 | D:5      | Killed a steam dragon
  3960 | D:5      | Reached XP level 8. HP: 75/75 MP: 8/8
  4111 | D:5      | Noticed Edmund
  4115 | D:5      | Killed Edmund
  4116 | D:5      | Reached skill level 9 in Unarmed Combat
  4132 | D:5      | 4132 ||| Stepping ~*~*~tactically~*~*~ (stealth).
  4134 | D:5      | 4134 ||| Stepping ~*~*~tactically~*~*~ (stealth).
  4142 | D:5      | 4142 ||| Stepping ~*~*~tactically~*~*~ (outnumbered).
  4256 | D:5      | 4256 ||| DROPPING +2 cloak.
  4257 | D:5      | 4257 ||| UPGRADING to +0 steam dragon scales.
  4267 | D:5      | 4267 ||| DROPPING +0 robe.
  4268 | D:5      | 4268 ||| UPGRADING to +2 hat.
  4273 | D:5      | 4273 ||| READING 2 scrolls labelled LOCVAH NAWOE.
  4274 | D:5      | 4274 ||| DROPPING scroll of noise.
  4344 | D:6      | Reached skill level 1 in Armour
  4489 | D:6      | Found a sparkling altar of Nemelex Xobeh.
  4588 | D:6      | 4588 ||| INVOKING Fiery Armour.
  4596 | D:6      | Reached skill level 10 in Unarmed Combat
  4618 | D:6      | 4618 ||| Stepping ~*~*~tactically~*~*~ (stealth).
  4620 | D:6      | 4620 ||| Stepping ~*~*~tactically~*~*~ (stealth).
  4914 | D:6      | Found an ornate altar of the Wu Jian Council.
  4928 | D:6      | Reached XP level 9. HP: 84/84 MP: 9/9
  4966 | D:6      | 4966 ||| DRINKING 2 brown potions.
  4967 | D:6      | 4967 ||| READING 3 scrolls of identify.
  4967 | D:6      | 4967 ||| IDENTIFYING purple potion
  4968 | D:6      | 4968 ||| READING 2 scrolls of identify.
  4968 | D:6      | 4968 ||| IDENTIFYING emerald potion
  4969 | D:6      | 4969 ||| DROPPING potion of lignification.
  5021 | D:7      | 5021 ||| INVOKING Fiery Armour.
  5022 | D:7      | 5022 ||| STAIRDANCE
  5126 | D:7      | 5126 ||| STAIRDANCE
  5314 | D:7      | 5314 ||| Stepping ~*~*~tactically~*~*~ (stealth).
  5315 | D:7      | 5315 ||| Stepping ~*~*~tactically~*~*~ (stealth).
  5550 | D:7      | Reached skill level 11 in Unarmed Combat
  5563 | D:7      | Found a shimmering altar of Xom.
  5567 | D:7      | 5567 ||| Stepping ~*~*~tactically~*~*~ (stealth).
  5570 | D:7      | 5570 ||| Stepping ~*~*~tactically~*~*~ (stealth).
  5570 | D:7      | Found a shimmering blue altar of Sif Muna.
  5587 | D:7      | Found a glowing golden altar of the Shining One.
  5633 | D:7      | 5633 ||| Stepping ~*~*~tactically~*~*~ (stealth).
  5700 | D:7      | Found an ancient bone altar of Kikubaaqudgha.
  5704 | D:7      | 5704 ||| Stepping ~*~*~tactically~*~*~ (outnumbered).
  5788 | D:8      | 5788 ||| Stepping ~*~*~tactically~*~*~ (hiding).
  5789 | D:8      | 5789 ||| Stepping ~*~*~tactically~*~*~ (hiding).
  5809 | D:8      | Found Impasos's Assorted Antiques.
  5811 | D:8      | 5811 ||| Stepping ~*~*~tactically~*~*~ (stealth).
  5856 | D:8      | 5856 ||| BUYING fuming ruby potion (18 gold).
  5856 | D:8      | Bought a fuming ruby potion for 18 gold pieces
  5856 | D:8      | 5856 ||| BUYING green potion (18 gold).
  5856 | D:8      | Bought a green potion for 18 gold pieces
  5856 | D:8      | 5856 ||| BUYING scroll of identify (42 gold).
  5856 | D:8      | Bought a scroll of identify for 42 gold pieces
  5873 | D:8      | Found Ciczeon's Weapon Shoppe.
  5968 | D:8      | Found Tiwef's Armour Shoppe.
  6016 | D:8      | 6016 ||| Stepping ~*~*~tactically~*~*~ (hiding).
  6066 | D:8      | Found Vomora Huwi's Armour Shop.
  6071 | D:8      | 6071 ||| SHOPLISTING +2 robe of Eternal Night {rPois rC+
                  | Str+2 Int+2} (596 gold, have 283).
  6215 | D:8      | Found a staircase to the Lair.
  6390 | D:8      | Noticed a manticore
  6391 | D:8      | 6391 ||| Stepping ~*~*~tactically~*~*~ (hiding).
  6399 | D:8      | Killed a manticore
  6400 | D:8      | Reached skill level 12 in Unarmed Combat
  6420 | D:8      | Noticed a +0 hand axe
  6421 | D:8      | Found a hide-covered altar of Uskayaw.
  6421 | D:8      | Noticed a +0 dagger
  6425 | D:8      | 6425 ||| READING scroll labelled IVESUEWK RINOF.
  6486 | D:8      | Found Vaagebre's Armour Boutique.
  6490 | D:8      | 6490 ||| SHOPLISTING +1 robe of Vines {NoPotionHeal
                  | Regen++++} (960 gold, have 328).
  6550 | D:8      | 6550 ||| PLANNING LAIR
  6550 | D:8      | 6550 ||| READING 2 scrolls labelled HUTTOJ URPHUTZ.
  6651 | D:8      | 6651 ||| DRINKING 2 fuming ruby potions.
  6756 | D:8      | 6756 ||| DRINKING 2 green potions.
  6757 | D:8      | 6757 ||| READING 3 scrolls of identify.
  6757 | D:8      | 6757 ||| IDENTIFYING ruby potion
  6758 | D:8      | 6758 ||| READING 2 scrolls of identify.
  6758 | D:8      | 6758 ||| IDENTIFYING bubbling sapphire potion
  6759 | D:8      | 6759 ||| DROPPING potion of magic.
  6760 | D:8      | 6760 ||| DROPPING potion of berserk rage.
  6761 | D:8      | 6761 ||| DROPPING potion of attraction.
  6762 | D:8      | 6762 ||| DROPPING scroll of silence.
  6874 | Lair:1   | Entered Level 1 of the Lair of Beasts
  6875 | Lair:1   | 6875 ||| PLANNING GAUNTLET
  6939 | Lair:1   | Reached XP level 10. HP: 81/94 MP: 10/10
  6961 | Lair:1   | Noticed a cane toad
  6969 | Lair:1   | Killed a cane toad
  7063 | Lair:1   | Found a gate leading to a gauntlet.
  7064 | Lair:1   | 7064 ||| READING 2 scrolls of identify.
  7064 | Lair:1   | 7064 ||| IDENTIFYING amethyst potion
  7065 | Lair:1   | Noticed a catoblepas
  7066 | Lair:1   | 7066 ||| Stepping ~*~*~tactically~*~*~ (cloud).
  7067 | Lair:1   | 7067 ||| Stepping ~*~*~tactically~*~*~ (cloud).
  7068 | Lair:1   | 7068 ||| INVOKING Fiery Armour.
  7073 | Lair:1   | Killed a catoblepas
  7083 | Gauntlet | Entered a Gauntlet
  7083 | Gauntlet | Noticed a hell hog
  7083 | Gauntlet | Found a transporter.
  7083 | Gauntlet | Found a transporter.
  7084 | Gauntlet | Found a transporter.
  7084 | Gauntlet | Found a transporter.
  7087 | Gauntlet | Found a transporter.
  7089 | Gauntlet | Noticed a gargoyle
  7090 | Gauntlet | Noticed a gargoyle
  7091 | Gauntlet | Noticed a catoblepas
  7097 | Gauntlet | Noticed a molten gargoyle
  7099 | Gauntlet | Found a transporter.
  7112 | Gauntlet | Found a transporter.
  7119 | Gauntlet | Found a transporter.
  7121 | Gauntlet | Noticed a tengu warrior
  7137 | Gauntlet | Found a transporter.
  7141 | Gauntlet | Found a large runed translucent door.
  7142 | Gauntlet | Found a large runed translucent door.
  7143 | Gauntlet | Found a large runed translucent door.
  7143 | Gauntlet | Found a large runed translucent door.
  7144 | Gauntlet | Found a runed translucent gate.
  7145 | Gauntlet | Found a transporter.
  7145 | Gauntlet | Found a runed translucent gate.
  7146 | Gauntlet | Found a runed translucent gate.
  7147 | Gauntlet | Found a large runed translucent door.
  7147 | Gauntlet | Found a large runed translucent door.
  7148 | Gauntlet | Found a large runed translucent door.
  7149 | Gauntlet | Found a large runed translucent door.
  7159 | Gauntlet | Found a large runed translucent door.
  7159 | Gauntlet | Found a large runed translucent door.
  7159 | Gauntlet | Found a runed translucent door.
  7159 | Gauntlet | Found a runed translucent door.
  7160 | Gauntlet | Found a large runed translucent door.
  7161 | Gauntlet | Found a large runed translucent door.
  7163 | Gauntlet | Found a transporter.
  7215 | Gauntlet | Found a transporter.
  7254 | Gauntlet | Found a large runed translucent door.
  7255 | Gauntlet | Found a large runed translucent door.
  7256 | Gauntlet | Found a large runed translucent door.
  7256 | Gauntlet | Found a large runed translucent door.
  7285 | Gauntlet | 7285 ||| INVOKING Fiery Armour.
  7289 | Gauntlet | Reached skill level 13 in Unarmed Combat
  7289 | Gauntlet | 7289 ||| Stepping ~*~*~tactically~*~*~ (outnumbered).
  7303 | Gauntlet | Reached skill level 3 in Dodging
  7344 | Gauntlet | 7344 ||| Stepping ~*~*~tactically~*~*~ (outnumbered).
  7347 | Gauntlet | 7347 ||| Stepping ~*~*~tactically~*~*~ (outnumbered).
  7405 | Gauntlet | 7405 ||| Stepping ~*~*~tactically~*~*~ (outnumbered).
  7407 | Gauntlet | 7407 ||| Stepping ~*~*~tactically~*~*~ (outnumbered).
  7408 | Gauntlet | 7408 ||| Stepping ~*~*~tactically~*~*~ (outnumbered).
  7412 | Gauntlet | 7412 ||| Stepping ~*~*~tactically~*~*~ (outnumbered).
  7414 | Gauntlet | 7414 ||| Stepping ~*~*~tactically~*~*~ (hiding).
  7416 | Gauntlet | 7416 ||| INVOKING Fiery Armour.
  7416 | Gauntlet | Killed a tengu warrior
  7417 | Gauntlet | Reached skill level 14 in Unarmed Combat
  7468 | Gauntlet | Identified the ring of Doubts {rElec rC+ Slay+3}
  7470 | Gauntlet | 7470 ||| UPGRADING to ring of Doubts {rElec rC+ Slay+3}.
  7492 | Gauntlet | Reached XP level 11. HP: 90/105 MP: 11/11
  7494 | Gauntlet | Reached skill level 6 in Fighting
  7529 | Gauntlet | Noticed a minotaur
  7539 | Gauntlet | HP: 12/105 [minotaur/+1 arbalest of flaming (17)]
  7540 | Gauntlet | 7540 ||| DRINKING 3 potions of heal wounds.
  7542 | Gauntlet | Killed a minotaur
  7606 | Gauntlet | Identified the +0 pair of gloves of Itzomp {Rampage rN+
                  | Dex-2}
  7628 | Gauntlet | 7628 ||| UPGRADING to +0 storm dragon scales.
  7638 | Gauntlet | 7638 ||| DROPPING +0 steam dragon scales.
  7639 | Gauntlet | 7639 ||| UPGRADING to +4 ring of slaying {mikee}.
  7641 | Gauntlet | 7641 ||| DROPPING +6 ring of dexterity.
  7653 | Lair:1   | 7653 ||| PLANNING LAIR
  7746 | Lair:1   | 7746 ||| INVOKING Fiery Armour.
  7751 | Lair:1   | 7751 ||| Stepping ~*~*~tactically~*~*~ (outnumbered).
  7752 | Lair:1   | 7752 ||| Stepping ~*~*~tactically~*~*~ (outnumbered).
  7760 | Lair:1   | Reached skill level 3 in Armour
  7764 | Lair:1   | 7764 ||| Stepping ~*~*~tactically~*~*~ (outnumbered).
  7816 | Lair:1   | Noticed an eight-headed hydra
  7826 | Lair:1   | Killed a ten-headed hydra
  8159 | Lair:2   | 8159 ||| INVOKING Fiery Armour.
  8163 | Lair:2   | 8163 ||| Stepping ~*~*~tactically~*~*~ (outnumbered).
  8164 | Lair:2   | 8164 ||| Stepping ~*~*~tactically~*~*~ (outnumbered).
  8165 | Lair:2   | 8165 ||| STAIRDANCE
  8172 | Lair:2   | 8172 ||| Stepping ~*~*~tactically~*~*~ (outnumbered).
  8173 | Lair:2   | 8173 ||| Stepping ~*~*~tactically~*~*~ (outnumbered).
  8174 | Lair:2   | 8174 ||| Stepping ~*~*~tactically~*~*~ (outnumbered).
  8175 | Lair:2   | 8175 ||| Stepping ~*~*~tactically~*~*~ (outnumbered).
  8176 | Lair:2   | 8176 ||| Stepping ~*~*~tactically~*~*~ (outnumbered).
  8177 | Lair:2   | 8177 ||| Stepping ~*~*~tactically~*~*~ (outnumbered).
  8178 | Lair:2   | 8178 ||| Stepping ~*~*~tactically~*~*~ (outnumbered).
  8179 | Lair:2   | 8179 ||| Stepping ~*~*~tactically~*~*~ (outnumbered).
  8180 | Lair:2   | 8180 ||| Stepping ~*~*~tactically~*~*~ (outnumbered).
  8181 | Lair:2   | 8181 ||| Stepping ~*~*~tactically~*~*~ (outnumbered).
  8182 | Lair:2   | 8182 ||| Stepping ~*~*~tactically~*~*~ (outnumbered).
  8188 | Lair:2   | Reached skill level 15 in Unarmed Combat
  8273 | Lair:2   | 8273 ||| INVOKING Fiery Armour.
  8296 | Lair:2   | Found a runed translucent gate.
  8297 | Lair:2   | Found a runed translucent gate.
  8298 | Lair:2   | Found a runed translucent gate.
  8301 | Lair:2   | Found a viscous altar of Jiyva.
  8301 | Lair:2   | Noticed qw's ghost (journeyman TeWr)
  8411 | Lair:2   | Found a staircase to the Snake Pit.
  8412 | Lair:2   | 8412 ||| INVOKING Fiery Armour.
  8418 | Lair:2   | 8418 ||| Stepping ~*~*~tactically~*~*~ (outnumbered).
  8420 | Lair:2   | 8420 ||| Stepping ~*~*~tactically~*~*~ (outnumbered).
  8421 | Lair:2   | 8421 ||| Stepping ~*~*~tactically~*~*~ (outnumbered).
  8421 | Lair:2   | HP: 26/105 [naga/+0 glaive (20)]
  8422 | Lair:2   | 8422 ||| READING 2 scrolls of teleportation.
  8423 | Lair:2   | 8423 ||| DRINKING 2 potions of heal wounds.
  8537 | Lair:2   | 8537 ||| Stepping ~*~*~tactically~*~*~ (outnumbered).
  8538 | Lair:2   | 8538 ||| Stepping ~*~*~tactically~*~*~ (outnumbered).
  8539 | Lair:2   | 8539 ||| Stepping ~*~*~tactically~*~*~ (outnumbered).
  8540 | Lair:2   | 8540 ||| Stepping ~*~*~tactically~*~*~ (outnumbered).
  8543 | Lair:2   | 8543 ||| FLEEEEING.
  8544 | Lair:2   | 8544 ||| FLEEEEING.
  8545 | Lair:2   | 8545 ||| FLEEEEING.
  8546 | Lair:2   | 8546 ||| FLEEEEING.
  8547 | Lair:2   | 8547 ||| FLEEEEING.
  8548 | Lair:2   | 8548 ||| FLEEEEING.
  8549 | Lair:2   | 8549 ||| FLEEEEING.
  8550 | Lair:2   | 8550 ||| FLEEEEING.
  8551 | Lair:2   | 8551 ||| FLEEEEING.
  8552 | Lair:2   | 8552 ||| FLEEEEING.
  8553 | Lair:2   | 8553 ||| FLEEEEING.
  8554 | Lair:2   | 8554 ||| FLEEEEING.
  8555 | Lair:2   | 8555 ||| FLEEEEING.
  8556 | Lair:2   | 8556 ||| FLEEEEING.
  8557 | Lair:2   | 8557 ||| FLEEEEING.
  8558 | Lair:2   | 8558 ||| FLEEEEING.
  8559 | Lair:2   | 8559 ||| FLEEEEING.
  8560 | Lair:2   | 8560 ||| FLEEEEING.
  8561 | Lair:2   | 8561 ||| FLEEEEING.
  8562 | Lair:2   | 8562 ||| FLEEEEING.
  8563 | Lair:2   | 8563 ||| FLEEEEING.
  8564 | Lair:2   | 8564 ||| FLEEEEING.
  8566 | Lair:2   | 8566 ||| FLEEEEING.
  8567 | Lair:2   | 8567 ||| FLEEEEING.
  8568 | Lair:2   | 8568 ||| FLEEEEING.
  8569 | Lair:2   | 8569 ||| FLEEEEING.
  8570 | Lair:2   | 8570 ||| FLEEEEING.
  8571 | Lair:2   | 8571 ||| FLEEEEING.
  8572 | Lair:2   | 8572 ||| FLEEEEING.
  8573 | Lair:2   | 8573 ||| FLEEEEING.
  8574 | Lair:2   | 8574 ||| FLEEEEING.
  8575 | Lair:2   | 8575 ||| FLEEEEING.
  8576 | Lair:2   | 8576 ||| FLEEEEING.
  8577 | Lair:2   | 8577 ||| FLEEEEING.
  8686 | Lair:2   | 8686 ||| PLANNING TEMPLE
  8690 | Lair:2   | Reached skill level 16 in Unarmed Combat
  8701 | Lair:2   | 8701 ||| Stepping ~*~*~tactically~*~*~ (outnumbered).
  8705 | Lair:2   | Reached XP level 12. HP: 115/115 MP: 12/12
  8710 | Lair:2   | 8710 ||| READING 3 scrolls of identify.
  8710 | Lair:2   | 8710 ||| IDENTIFYING white potion
  8711 | Lair:2   | 8711 ||| READING 2 scrolls of identify.
  8711 | Lair:2   | 8711 ||| IDENTIFYING fizzy yellow potion
  8712 | Lair:2   | 8712 ||| DROPPING potion of invisibility.
  8843 | Temple   | Entered the Ecumenical Temple
  8846 | Temple   | 8846 ||| PLANNING CONVERSION TO OKAWARU
  8857 | Temple   | Fell from the grace of Ignis
  8857 | Temple   | Became a worshipper of Warmaster Okawaru
  8858 | Temple   | 8858 ||| PLANNING LAIR
  9296 | Lair:2   | Identified the +1 robe "Kaggexul" {*Corrode Int+2 Dex+4
                  | Stlth+}
  9654 | Lair:2   | 9654 ||| DROPPING +1 hat.
  9655 | Lair:2   | 9655 ||| READING scroll labelled TOROITT HOWUMUU.
  9706 | Lair:2   | 9706 ||| READING 2 scrolls of identify.
  9706 | Lair:2   | 9706 ||| IDENTIFYING sedimented clear potion
  9707 | Lair:2   | 9707 ||| DROPPING potion of ambrosia.
  9739 | Lair:3   | 9739 ||| STAIRDANCE
  9782 | Lair:2   | You fall into a shaft and drop 2 floors!
  9789 | Lair:4   | Noticed a death yak
  9789 | Lair:4   | Noticed a death yak
  9791 | Lair:4   | Noticed a six-headed hydra
  9792 | Lair:4   | Noticed a six-headed hydra
  9795 | Lair:4   | Killed a death yak
  9798 | Lair:4   | 9798 ||| Stepping ~*~*~tactically~*~*~ (outnumbered).
  9799 | Lair:4   | 9799 ||| Stepping ~*~*~tactically~*~*~ (outnumbered).
  9800 | Lair:4   | HP: 26/118 [six-headed hydra (7)]
  9801 | Lair:4   | 9801 ||| READING scroll of teleportation.
  9801 | Lair:4   | HP: 9/118 [six-headed hydra (9)]
  9801 | Lair:4   | Slain by a seven-headed hydra

Levels and vault maps discovered:
D:1:      heliophobic_arrival_glass_houses, layout_basic
D:2:      layout_loops_ring, roderic_serpentine_path, uniq_jessica, uniq_robin
D:3:      layout_loops_cross, general_overflow_altar, old_standard_altar,
          guppyfry_early_orc_mine
D:4:      wad_lake_hut, layout_cave_pools, uniq_eustachio
D:5:      kennysheep_steamy, layout_loops_corners, temple_doors_e, uniq_ijyb,
          uniq_edmund
D:6:      layout_loops_ring, hangedman_feature_mirror
D:7:      layout_loops_ring, mainiacjoe_overflow_brackets,
          grunt_temple_overflow_open
D:8:      layout_basic, dancing_weapons_uskayaw, lair_entry_dummy, serial_shops,
          shop, shop, nicolae_shop_statue_plus, shop_statue,
          nicolae_shop_hallway_plus
Temple:   eino_temple_water
Lair:1:   layout_chaotic_city, gauntlet_entry_generic
Lair:2:   layout_cave_pods, minmay_snake_entry_guardpost_small,
          gammafunk_ghost_ooze
Lair:3:   layout_loops_ring, nicolae_swamp_entry_splash_gauntlet,
          grunt_megastairs_5
Lair:4:   layout_regular_city, grunt_megastairs_2, lemuel_fruit_fields

Skill      XL: |  1  2  3  4  5  6  7  8  9 10 11 12 |
---------------+-------------------------------------+-----
Unarmed Combat | 4 5 6 8 10 12 14 16 | 16.0
Dodging        | 1 2 3 |  3.1
Throwing       | 3 4 |  4.3
Fighting       | 3 4 5 6 7 |  7.2
Armour         | 1 2 5 |  5.1
Spellcasting   | |  1.0
Fire Magic     | |  2.1

Action                   |  1- 3 |  4- 6 |  7- 9 | 10-12 || total
-------------------------+-------+-------+-------+-------++-------
Melee: Unarmed           |   106 |   166 |   216 |   215 ||   703
       Punch             |     1 |     3 |    11 |    13 ||    28
Throw: Boomerang         |       |    19 |    16 |     9 ||    44
       Large rock        |       |       |    32 |       ||    32
       Javelin           |       |       |       |    42 ||    42
Invok: Fiery Armour      |       |     3 |     3 |     7 ||    13
  Use: Scroll            |     7 |     4 |     7 |     7 ||    25
       Potion            |     1 |     1 |     4 |     2 ||     8
Armor: Robe              |    36 |    68 |    13 |       ||   117
       Steam dragon scal |       |       |    69 |    76 ||   145
       Storm dragon scal |       |       |       |   123 ||   123
Dodge: Dodged            |    42 |    68 |    74 |    97 ||   281

Table legend:
 A = Non-vault XP
 B = Vault XP
 C = Vault XP percentage of total XP
 D = Non-vault monster count
 E = Vault monster count
 F = Vault count percentage of total count
                 A         B        C        D         E       F
            +---------+---------+-------+---------+---------+-------
      Total |   15985 |    7840 |  32.9 |     192 |      55 |  22.3
            +---------+---------+-------+---------+---------+-------
        D:1 |      37 |       0 |   0.0 |      24 |       0 |   0.0
        D:2 |      57 |      74 |  56.5 |      20 |      14 |  41.2
        D:3 |      66 |      17 |  20.5 |      16 |       7 |  30.4
        D:4 |     352 |     197 |  35.9 |      14 |       1 |   6.7
        D:5 |     649 |     384 |  37.2 |      17 |       3 |  15.0
        D:6 |    1007 |     140 |  12.2 |      19 |       2 |   9.5
        D:7 |    1125 |       0 |   0.0 |      22 |       0 |   0.0
        D:8 |    1123 |     177 |  13.6 |      15 |       1 |   6.2
     Lair:1 |    4250 |       0 |   0.0 |      12 |       0 |   0.0
     Lair:2 |    6506 |    1078 |  14.2 |      32 |       6 |  15.8
     Lair:4 |     813 |       0 |   0.0 |       1 |       0 |   0.0
   Gauntlet |       0 |    5773 | 100.0 |       0 |      21 | 100.0
            +---------+---------+-------+---------+---------+-------
